 Dungeon Crawl Stone Soup version 0.29.1-15-g9cfb28693d (webtiles) character file.

Game seed: 11840410992725394733

3830 nshep25 the Blocker (level 9, -8/78 HPs)
             Began as a Minotaur Fighter on Mar 8, 2023.
             Was an Initiate of Gozag.
             Mangled by a yak (13 damage)
             ... on level 8 of the Dungeon.
             The game lasted 00:13:48 (8931 turns).

nshep25 the Blocker (Minotaur Fighter)              Turns: 8931, Time: 00:13:48

Health: -8/78      AC: 12    Str: 25    XL:     9   Next: 97%
Magic:  8/8        EV:  6    Int:  5    God:    Gozag
Gold:   1032       SH: 21    Dex: 10    Spells: 8/8 levels left

rFire   . . .      SeeInvis .   a - +0 war axe
rCold   . . .      Faith    .   i - +0 tower shield
rNeg    + . .      Spirit   .   f - +0 chain mail
rPois   .          Reflect  +   (helmet restricted)
rElec   .          Harm     .   E - +0 cloak
rCorr   +          Rampage  .   (no gloves)
Will    .....                   (no boots)
Stlth   ..........              m - amulet of reflection
HPRegen 0.23/turn               C - ring of positive energy
MPRegen 0.11/turn               D - ring of resist corrosion

@: gold aura
A: horns 2, retaliatory headbutt
a: Renounce Religion, Potion Petition, Call Merchant, Bribe Branch


You were on level 8 of the Dungeon.
You worshipped Gozag.
Gozag was most pleased with you.
You visited 2 branches of the dungeon, and saw 10 of its levels.

You collected 1133 gold pieces.
You paid 101 gold pieces to Gozag.

Inventory:

Hand Weapons
 a - a +0 war axe (weapon)
Missiles
 j - 3 boomerangs (quivered)
Armour
 b - a +0 scale mail
 c - a +0 buckler
 f - a +0 chain mail (worn)
 i - a +0 tower shield (worn)
 E - a +0 cloak (worn)
Jewellery
 m - an amulet of reflection (around neck)
 C - a ring of positive energy (left hand)
 D - a ring of resist corrosion (right hand)
Wands
 l - a wand of flame (13)
 o - a wand of iceblast (14)
 q - a wand of digging (4)
 r - a wand of polymorph (7)
 u - a wand of paralysis (15)
Scrolls
 n - 3 scrolls of teleportation
 w - a scroll of identify
 y - 3 scrolls of magic mapping
 B - a scroll of blinking
 F - a scroll of noise {unknown}
Potions
 d - 4 potions of might
 e - 3 potions of resistance
 g - 3 potions of heal wounds
 h - 2 potions of mutation
 k - 2 potions of curing
 p - 2 potions of invisibility
 s - 3 potions of haste
 t - a potion of attraction {unknown}
 v - a potion of lignification {unknown}
 x - a potion of flight {unknown}
 z - 2 potions of cancellation {unknown}
 A - a potion of ambrosia {unknown}


   Skills:
 + Level 6.5 Fighting
 + Level 9.7 Axes
 + Level 1.3 Throwing
 + Level 7.7 Armour
 + Level 1.5 Dodging
 + Level 0.5 Stealth
 * Level 11.5 Shields


You had 8 spell levels left.
You didn't know any spells.
Your spell library contained the following spells:

 Spells                   Type           Power      Damage    Failure   Level
 Apportation              Tloc           0%         N/A       100%        1
 Magic Dart               Conj           0%         1d3       100%        1
 Sandblast                Erth           0%         2d4       100%        1
 Call Imp                 Summ           0%         N/A       100%        2
 Passwall                 Tmut/Erth      0%         N/A       100%        2
 Conjure Flame            Conj/Fire      0%         6-21      100%        3
 Gell's Gravitas          Tloc           0%         N/A       100%        3
 Ignite Poison            Fire/Tmut/Pois 0%         N/A       100%        3
 Mephitic Cloud           Conj/Pois/Air  0%         N/A       100%        3
 Stone Arrow              Conj/Erth      0%         3d7       100%        3
 Teleport Other           Tloc           0%         N/A       100%        3
 Sticky Flame             Conj/Fire      0%         2d3       100%        4
 Alistair's Intoxication  Tmut/Pois      0%         N/A       100%        5
 Dispersal                Tloc           0%         N/A       100%        6


Dungeon Overview and Level Annotations

Branches:
Dungeon (9/15)             Temple (1/1) D:4
   Lair: D:8-11         Orc: D:9-12

Altars:
Ashenzari
Cheibriados
Dithmenos
Elyvilon
Fedhas
Gozag
Hepliaklqana
Kikubaaqudgha
Makhleb
Nemelex Xobeh
Okawaru
Ru
Sif Muna
Trog
Uskayaw
Vehumet
Wu Jian
Xom
Yredelemnul
Zin
The Shining One

Shops:
D:2 *


Innate Abilities, Weirdness & Mutations

You have a pair of horns on your head.
You reflexively headbutt those who attack you in melee.


Message History

You block the killer bee's attack.
The killer bee stings you but does no damage.
The yak barely misses you. You furiously retaliate!
You headbutt the yak! You block the yak's attack. The yak gores you.
The yak gores you! The yak barely misses you.
You slash the killer bee! Your headbutt misses the killer bee.
The killer bee is severely wounded.
You hit the killer bee. You hit the yak. You hit the yak but do no damage. x2
You barely miss the yak. You slash the yak!
The killer bee completely misses you. You block the killer bee's attack.
You block the yak's attack.
The yak gores you but does no damage. x2
You block the yak's attack. The yak gores you! The killer bee stings you.
You block the killer bee's attack. x2
The yak gores you! x2
* * * LOW HITPOINT WARNING * * *
The yak gores you but does no damage. x3
You climb upwards.
There is a stone staircase leading down here.
You slash the yak!
The yak is severely wounded.
You slash the yak! x2; You barely miss the yak.
You block the yak's attack. x2
The yak gores you!
* * * LOW HITPOINT WARNING * * *
The yak gores you but does no damage.
You barely miss the yak. You headbutt the yak.
The yak is almost dead.
You barely miss the yak. You slash the yak! You closely miss the yak.
You block the yak's attack. x3; The yak gores you but does no damage.
You barely miss the yak.
The yak is almost dead.
You hit the yak. You barely miss the yak. You slash the yak!
You kill the yak!
The killer bee stings you but does no damage.
You block the yak's attack. x2; The yak gores you but does no damage.
The killer bee barely misses you. The yak gores you but does no damage.
The yak gores you.
* * * LOW HITPOINT WARNING * * *
The yak gores you!
You die...
Your body crumbles into a pile of gold.

#.######...#.##..........
#.##..........[.######...
######.##......##.####
##.#
#..............#...##
#..#
#.##.#.###......#.#.##
#.##
#.##.#.###.....##.##.##
#.#
#.##.#.........##.###.#
#.#
#.##.#####.#YYy.......#
#.# ####.##.#
#.##@###.#...#####.#
.....##.#
#.###Y##........##.#
.#####..#
#....#Y###...##.##.# .#
#.## ####.##<..#.###.##.#
.# #.# #.######.# #.##.#
.# #.# #########.# #)##.#
.# #.#
##...#...#####.##.# .#
#.# ##..#..#..##.)#.##.#
.# #.##
#_#..#..#....))....#


You could see 4 yaks and a killer bee.

Vanquished Creatures
  A two-headed ogre (D:8)
  Prince Ribbit (D:6)
  Sigmund (D:5)
  A yak (D:8)
  A wraith (D:8)
  A steam dragon (D:7)
  An acid dragon (D:8)
  2 sky beasts
  2 black bears
  2 ogres
  2 centaurs
  2 phantoms
  A kobold brigand (D:5)
  3 bullfrogs (D:8)
  A necrophage (D:7)
  4 scorpions
  4 wights (D:8)
  4 howler monkeys (D:8)
  An orc priest (D:7)
  A gnoll bouda (D:6)
  4 hounds
  5 iguanas
  A jelly (D:7)
  Ijyb (D:3)
  Natasha (twice) (D:3)
  5 orc wizards
  Robin (D:3)
  8 gnolls
  2 adders (D:5)
  A white imp (D:6)
  2 ufetubi (D:4)
  A dart slug (D:1)
  38 orcs
  8 endoplasms
  A giant cockroach (D:2)
  18 goblins
  8 hobgoblins
  12 jackals
  13 kobolds
  5 quokkas
  6 ball pythons
  A bat (D:1)
  4 frilled lizards
  5 rats
188 creatures vanquished.

Vanquished Creatures (others)
  A plant (D:4)
  7 withered plants (D:3)
8 creatures vanquished.

Grand Total: 196 creatures vanquished

Notes
Turn   | Place    | Note
-------+----------+-------------------------------------------
     0 | D:1      | nshep25 the Minotaur Fighter began the quest for the Orb.
     0 | D:1      | Reached XP level 1. HP: 19/19 MP: 0/0
   338 | D:1      | Reached XP level 2. HP: 23/27 MP: 1/1
  1185 | D:2      | Reached XP level 3. HP: 33/33 MP: 2/2
  1478 | D:2      | Found Efucwakk's General Store.
  1607 | D:2      | Reached skill level 4 in Shields
  1955 | D:3      | Noticed Natasha
  1961 | D:3      | Killed Natasha
  1962 | D:3      | Reached XP level 4. HP: 25/40 MP: 3/3
  2070 | D:3      | Noticed Natasha
  2079 | D:3      | Killed Natasha
  2220 | D:3      | Noticed Ijyb
  2235 | D:3      | Killed Ijyb
  2512 | D:3      | Found an ancient bone altar of Kikubaaqudgha.
  2634 | D:3      | Reached XP level 5. HP: 46/46 MP: 4/4
  2638 | D:3      | Noticed Robin
  2666 | D:3      | Killed Robin
  3135 | D:4      | Reached skill level 5 in Shields
  3156 | D:4      | Found a staircase to the Ecumenical Temple.
  3165 | Temple   | Entered the Ecumenical Temple
  3226 | D:4      | Noticed an ogre
  3232 | D:4      | Killed an ogre
  3233 | D:4      | Reached skill level 5 in Axes
  3233 | D:4      | Reached skill level 5 in Armour
  3233 | D:4      | Reached XP level 6. HP: 53/53 MP: 5/5
  3609 | D:4      | Found an iron altar of Okawaru.
  3811 | D:4      | Reached skill level 1 in Throwing
  4032 | D:5      | Entered Level 5 of the Dungeon
  4216 | D:5      | Found a faded altar of an unknown god.
  4216 | D:5      | Found a hazy altar of Hepliaklqana.
  4216 | D:5      | Found a faded altar of an unknown god.
  4226 | D:5      | Reached XP level 7. HP: 48/60 MP: 6/6
  4315 | D:5      | Found an opulent altar of Gozag.
  4321 | D:5      | Became a worshipper of Gozag Ym Sagoz the Greedy
  4384 | D:5      | Reached skill level 6 in Shields
  4818 | D:5      | Found a shadowy altar of Dithmenos.
  4830 | D:5      | Reached skill level 5 in Fighting
  4956 | D:5      | Reached skill level 7 in Shields
  5019 | D:5      | Reached skill level 1 in Dodging
  5079 | D:5      | Noticed Sigmund
  5087 | D:5      | Reached XP level 8. HP: 59/68 MP: 7/7
  5106 | D:5      | Killed Sigmund
  5614 | D:6      | Reached skill level 8 in Shields
  6007 | D:6      | Found a hide-covered altar of Uskayaw.
  6250 | D:6      | Found a shimmering altar of Xom.
  6652 | D:7      | Noticed Prince Ribbit
  6685 | D:6      | Killed Prince Ribbit
  6686 | D:6      | Reached skill level 9 in Shields
  6999 | D:7      | Reached XP level 9. HP: 41/75 MP: 8/8
  7328 | D:7      | Found a white marble altar of Elyvilon.
  7670 | D:7      | Found an ornate altar of the Wu Jian Council.
  7808 | D:7      | Found a basalt altar of Yredelemnul.
  8243 | D:8      | Reached skill level 10 in Shields
  8252 | D:8      | Noticed a two-headed ogre
  8271 | D:8      | Killed a two-headed ogre
  8272 | D:8      | Reached skill level 11 in Shields
  8362 | D:8      | Found a radiant altar of Vehumet.
  8931 | D:8      | Mangled by a yak

Illustrated notes

Levels and vault maps discovered:
D:1:      enne_arrival_octagon_isle, layout_basic
D:2:      layout_loops_ring, serial_shops, shop, corexii_leaking_fountain,
          kennysheep_nub
D:3:      layout_basic, kiku_gazebo_garden_becter, hangedman_decor_opposing,
          uniq_robin, uniq_natasha, uniq_ijyb
D:4:      layout_basic, okawaru_altar_gauntlet_db,
          minmay_temple_entry_statues_fountains, serial_bayou_lagoon_b
D:5:      layout_loops_cross, nicolae_gozag_cash_rules_everything_around_me,
          nicolae_dithmenos_through_a_glass_darkly,
          nicolae_hepliaklqana_ecumenical_no_more, uniq_sigmund
D:6:      layout_cave_pods, lemuel_crystal_altar, lemuel_tele_altar,
          corexii_checkpoint_a, feat_on_display
D:7:      layout_rooms, kennysheep_ying_yang,
          nicolae_wu_jian_immortal_techniques, uniq_prince_ribbit1
D:8:      layout_loops_ring, marbit_many_paths
D:9:      layout_cave_pools, kennysheep_orc_monster_closet_entryway,
          serial_gnoll_camp, gnoll_camp_mini_loothouse, gnoll_camp_mini_basic,
          gnoll_camp_medium_01, gnoll_camp_mini_hut, gnoll_camp_medium_02,
          gnoll_camp_mini_doghouse
Temple:   nicolae_temple_ecumenical_triangle

Skill      XL: |  1  2  3  4  5  6  7  8  9 |
---------------+----------------------------+-----
Armour         | 4 5 6 7 |  7.7
Fighting       | 4 5 6 |  6.5
Shields        | 4 5 7 9 11 | 11.5
Axes           | 3 4 5 6 8 9 |  9.7
Throwing       | 1 |  1.3
Dodging        | 1 |  1.5
Stealth        | |  0.5

Action                   |  1- 3 |  4- 6 |  7- 9 || total
-------------------------+-------+-------+-------++-------
Melee: War axe           |    92 |   148 |   276 ||   516
       Headbutt          |     6 |    22 |    60 ||    88
Throw: Boomerang         |     2 |    26 |     1 ||    29
  Use: Scroll            |     1 |     2 |     7 ||    10
 Stab: Distracted        |       |       |     1 ||     1
Armor: Scale mail        |    33 |       |       ||    33
       Chain mail        |    17 |    66 |   126 ||   209
Dodge: Dodged            |    33 |    23 |    46 ||   102
Block: Buckler           |    15 |       |       ||    15
       Tower shield      |    25 |   142 |   307 ||   474
       Reflection        |       |     2 |     9 ||    11
